Map: Prion Terraces

Players

DeMusliM - Winner!

  • Race: Terran Terran

Wulfen

  • Race: Protoss Protoss
  • League: Platinum

VOD

Have the link to the VOD?

Description

Time

  • Played on: Nov. 9, 2015, 8:26 p.m.
  • Length: 10:57
Show
View Real Time Build Order
Export as new Build Order

DeMusliM Terran - Winner!

Build Orders: Reaper Expand 

Get SALT Encoding   

  12  0:00  SCV  
  13  0:13  SCV  
  14  0:17  Supply Depot  
  14  0:25  SCV  
  15  0:39  SCV, Barracks  
  16  0:48  Refinery  
  16  0:52  SCV  
  17  1:06  SCV  
  18  1:18  SCV  
  19  1:30  Orbital Command  
  19  1:32  Reaper  
  20  1:44  Command Center  
  20  1:49  Supply Depot  
  20  1:56  SCV  
  21  2:05  Barracks Reactor  
  21  2:08  SCV  
  22  2:20  SCV  
  23  2:30  Command Center  
  23  2:33  SCV  
  23  2:36  Engineering Bay  
  24  2:42  Marine x2  
  26  2:45  SCV  
  27  2:57  SCV, Orbital Command  
  28  3:00  Marine x2  
  28  3:03  Terran Infantry Weapons Level 1  
  30  3:09  SCV  
  30  3:17  Missile Turret, Marine  
  30  3:18  Marine  
  31  3:22  Missile Turret  
  29  3:32  SCV  
  29  3:35  SCV, Marine  
  30  3:43  Marine  
  31  3:53  Marine  
  28  4:00  Marine  
  26  4:08  Orbital Command  
  26  4:09  SCV x2  
  27  4:11  Marine  
  27  4:14  Barracks  
  28  4:18  Marine  
  28  4:21  SCV  
  29  4:24  Barracks  
  29  4:25  SCV  
  29  4:29  Marine  
  29  4:30  Barracks  
  31  4:34  SCV  
  31  4:36  Marine  
  33  4:40  SCV x2  
  35  4:46  SCV, Marine  
  35  4:52  SCV x2  
  39  4:54  Marine  
  39  4:58  SCV  
  40  5:00  Terran Infantry Armor Level 1  
  40  5:03  Refinery  
  40  5:04  SCV, Marine  
  40  5:05  SCV, Barracks Tech Lab  
  41  5:10  SCV  
  41  5:12  Marine  
  41  5:13  Marine  
  44  5:16  SCV  
  44  5:19  SCV  
  46  5:22  SCV, Marine  
  46  5:24  Combat Shields  
  46  5:25  Orbital Command  
  46  5:28  Supply Depot, Marine  
  49  5:30  Marine  
  49  5:31  Marine  
  49  5:34  SCV  
  51  5:38  SCV  
  51  5:40  Marine  
  53  5:45  Marine  
  53  5:47  Marine  
  53  5:49  Marine  
  52  5:55  SCV  
  51  5:58  Marine  
  51  6:03  Marine  
  53  6:05  Marine  
  53  6:06  Marine  
  55  6:12  Factory  
  55  6:16  Marine  
  56  6:19  Refinery  
  56  6:20  Barracks  
  56  6:21  Marine  
  56  6:23  Marine  
  56  6:24  Marine  
  56  6:33  Marine x2  
  56  6:39  Marine  
  59  6:41  Supply Depot x2, Marine  
  59  6:42  Supply Depot, Marine  
  59  6:44  SCV x2, Missile Turret  
  63  6:49  SCV  
  63  6:51  Marine x2  
  66  6:56  SCV x2, Armory  
  66  6:57  Marine  
  66  7:00  Starport  
  69  7:01  Factory Reactor  
  69  7:02  Marine  
  69  7:03  SCV  
  69  7:08  SCV  
  70  7:11  Marine  
  70  7:12  Marine x3  
  71  7:18  Marine  
  71  7:19  Bunker  
  71  7:20  Supply Depot, SCV, Marine  
  71  7:21  SCV x2  
  71  7:27  Supply Depot, Stimpack  
  70  7:33  SCV x2  
  70  7:34  SCV  
  70  7:35  Engineering Bay  
  73  7:37  Marine  
  73  7:38  Marine  
  73  7:44  Supply Depot, Refinery  
  75  7:47  Terran Infantry Weapons Level 2  
  75  7:49  Supply Depot  
  75  7:50  Barracks Reactor  
  75  7:51  Medivac  
  75  7:54  Medivac  
  78  8:00  SCV x2, Orbital Command  
  78  8:02  Supply Depot  
  80  8:07  Terran Infantry Armor Level 2  
  80  8:08  Marine x3  
  80  8:09  Marine  
  80  8:10  Marine  
  85  8:13  SCV  
  85  8:16  Barracks  
  85  8:17  SCV  
  87  8:22  Medivac  
  87  8:25  SCV  
  87  8:26  Marine  
  91  8:28  Missile Turret  
  91  8:29  Marine x2  
  91  8:30  Barracks Tech Lab, Marauder  
  91  8:33  SCV x2  
  97  8:43  SCV  
  97  8:44  Barracks Reactor, Barracks  
  97  8:45  SCV, Marine  
  97  8:46  Marine  
  101  8:50  SCV  
  101  8:51  Marauder  
  101  8:52  Barracks  
  101  8:53  Supply Depot  
  104  8:55  SCV  
  104  8:57  SCV  
  106  9:03  Marauder, Marine x2  
  106  9:04  Barracks Reactor  
  106  9:05  SCV  
  106  9:08  SCV  
  112  9:14  Marauder, Refinery x2, Marine x2  
  112  9:15  Medivac  
  118  9:20  Supply Depot  
  118  9:21  Marine  
  118  9:22  Supply Depot x2  
  119  9:24  Marine  
  119  9:25  Marine x2, Marauder  
  119  9:27  Command Center  
  123  9:32  Medivac  
  123  9:35  Barracks Tech Lab, Barracks  
  123  9:38  SCV x2  
  127  9:45  Marauder, Marine x6, Starport, Medivac  
  133  9:46  Barracks Tech Lab  
  137  10:01  Marauder, Marine x2  
  140  10:08  Marine x2  
  140  10:09  Marauder, Marine x3  
  140  10:13  Marine  
  140  10:14  Marauder  
  150  10:15  Medivac x2, Marauder  
  150  10:18  Marine  
  150  10:19  Marine  
  158  10:23  Marauder  
  158  10:26  Marine  
  158  10:27  Barracks Tech Lab  
  161  10:28  Barracks  
  161  10:31  Supply Depot  
Show
View Real Time Build Order
Export as new Build Order

Wulfen Protoss 

Build Orders: Oracle Opening 

Get SALT Encoding   

  12  0:01  Probe (Chrono Boost)  
  13  0:11  Probe (Chrono Boost)  
  14  0:18  Pylon  
  14  0:22  Probe (Chrono Boost)  
  15  0:36  Probe (Chrono Boost), Gateway  
  16  0:46  Probe (Chrono Boost)  
  17  0:54  Assimilator  
  18  0:57  Probe (Chrono Boost)  
  18  0:58  Assimilator  
  18  1:08  Probe (Chrono Boost)  
  19  1:21  Probe (Chrono Boost)  
  19  1:24  Cybernetics Core  
  20  1:25  Pylon  
  20  1:35  Probe (Chrono Boost)  
  21  1:46  Probe (Chrono Boost)  
  22  1:55  Pylon  
  22  1:56  Probe (Chrono Boost)  
  22  2:00  Adept  
  25  2:07  Mothership Core (Chrono Boost)  
  27  2:17  Stargate  
  27  2:25  Probe (Chrono Boost)  
  28  2:33  Adept  
  30  2:38  Gateway  
  30  2:40  Pylon  
  31  2:49  Warp Gate  
  30  2:58  Pylon  
  30  3:01  Oracle (Chrono Boost)  
  33  3:05  Probe  
  34  3:18  Probe  
  35  3:30  Probe  
  35  3:33  Adept x2  
  38  3:35  Gateway  
  38  3:38  Oracle (Chrono Boost)  
  41  3:43  Probe  
  41  3:47  Pylon  
  41  3:55  Probe  
  37  4:10  Oracle (Chrono Boost)  
  40  4:23  Adept  
  40  4:24  Adept x2  
  46  4:32  Pylon  
  46  4:34  Pylon  
  46  4:56  Gateway  
  46  5:17  Nexus  
  46  5:26  Probe  
  47  5:38  Probe  
  45  5:50  Probe  
  37  6:03  Probe  
  38  6:11  Adept  
  38  6:12  Adept x2  
  38  6:13  Adept  
  38  6:15  Probe  
  47  6:19  Pylon  
  47  6:27  Probe  
  44  6:33  Mothership Core  
  44  6:39  Probe  
  47  6:40  Pylon  
  47  6:42  Assimilator  
  47  6:43  Pylon  
  47  6:47  Forge  
  47  6:50  Robotics Facility  
  47  6:53  Assimilator  
  47  6:54  Adept  
  47  6:55  Adept x2  
  47  6:56  Adept  
  50  7:27  Phoenix (Chrono Boost)  
  50  7:29  Probe, Adept  
  54  7:30  Probe, Adept x2  
  60  7:40  Immortal  
  60  7:44  Protoss Ground Weapons Level 1 (Chrono Boost)  
  64  7:46  Twilight Council  
  64  7:49  Probe  
  65  8:00  Probe  
  65  8:01  Probe  
  65  8:04  Robotics Bay  
  67  8:10  Probe  
  68  8:13  Probe  
  69  8:21  Probe  
  70  8:28  Resonating Glaives (Chrono Boost)  
  70  8:32  Observer (Chrono Boost)  
  71  8:34  Stalker x3  
  71  8:40  Probe  
  78  8:46  Probe  
  79  8:59  Probe  
  79  9:00  Nexus  
  79  9:01  Probe  
  79  9:02  Extended Thermal Lance (Chrono Boost)  
  81  9:10  Pylon  
  81  9:12  Pylon  
  81  9:17  Adept  
  83  9:34  Probe  
  83  9:36  Probe  
  85  9:40  Colossus (Chrono Boost)  
  91  9:50  Robotics Facility  
  91  9:54  Pylon  
  91  9:57  Assimilator  
  77  10:15  Stalker x2  
  77  10:16  Stalker  
  77  10:20  Gateway  
Tags
 
Add a new tag
Caveats
  • Supply blocks, unpowered buildings, or Contaminate may cause inaccurate times.
  • Supply counts are checked every 10 seconds.